 Dungeon Crawl Stone Soup version 0.31-a0-7-g51783674b7 (webtiles) character file.

Game seed: 2925793046088682119

43 sircluck the Trooper (level 3, 0/34 HPs)
             Began as a Hill Orc Fighter on May 5, 2023.
             Succumbed to a killer bee's poison
             ... on level 2 of the Dungeon.
             The game lasted 00:02:11 (1434 turns).

sircluck the Trooper (Hill Orc Fighter)             Turns: 1434, Time: 00:02:12

Health: 0/34       AC:  7    Str: 20    XL:     3   Next: 58%
Magic:  3/3        EV:  9    Int:  8    God:
Gold:   43         SH:  4    Dex: 10    Spells: 1/2 levels left

rFire   . . .        a - +0 war axe
rCold   . . .        c - +0 buckler
rNeg    . . .        b - +0 scale mail
rPois   .            (no helmet)
rElec   .            (no cloak)
rCorr   .            (no gloves)
SInv    .            (no boots)
Will    .....        (no amulet) Stlth
                     (no ring)
HPRegen 0.25/turn    (no ring)
MPRegen 0.08/turn

%: no passive effects
@: mighty, lethally poisoned (0 -> -4)
A: no striking features
a: no special abilities


You were on level 2 of the Dungeon.
You visited 1 branch of the dungeon, and saw 2 of its levels.

You collected 43 gold pieces.

Inventory:

Hand Weapons
 a - a +0 war axe (weapon)
Armour
 b - a +0 scale mail (worn)
 c - a +0 buckler (worn)
Scrolls
 e - a scroll of amnesia {unknown}
 f - a scroll of teleportation {unknown}
 g - 2 scrolls of vulnerability {unknown}
 h - a scroll of acquirement {unknown}
 j - 2 scrolls of blinking {unknown}
Potions
 i - a potion of attraction {unknown}
 k - a potion of curing {unknown}


   Skills:
 + Level 4.3 Fighting
 + Level 2.9 Axes
 + Level 3.8 Armour
 + Level 0.3 Dodging
 + Level 3.6 Shields


You had one spell level left.
You knew the following spells:

 Your Spells              Type           Power      Damage    Failure   Level
a - Summon Small Mammal   Summ           0%         N/A       83%         1

Your spell library contained the following spells:

 Spells                   Type           Power      Damage    Failure   Level
 Apportation              Tloc           0%         N/A       83%         1
 Necrotise                Necr           0%         1d4       83%         1
 Cigotuvi's Dreadful Rot  Necr/Pois/Air  0%         N/A       92%         2
 Ignite Poison            Fire/Tmut/Pois 0%         N/A       99%         3
 Freezing Cloud           Conj/Ice/Air   0%         6-21      100%        5


Dungeon Overview and Level Annotations

Branches:
Dungeon (2/15)

Altars:
Dithmenos


Message History

You hit the worm.
The worm is almost dead.
Dithmenos weaves monsters from the shadows.
There are monsters nearby!
You hit the worm.
You kill the worm!
You hit the killer bee. You miss the killer bee.
There are monsters nearby!
You barely miss the killer bee.
The killer bee is moderately wounded.
You barely miss the killer bee.
The killer bee stings you but does no damage.
The killer bee stings you. You block the killer bee's attack.
The killer bee stings you.
The killer bee stings you but does no damage.
The killer bee stings you!
You are poisoned.
The killer bee poisons you! You block the killer bee's attack.
The killer bee attacks as you move away!
You block the killer bee's attack.
You feel sick. The killer bee stings you.
* * * LOW HITPOINT WARNING * * *
You are lethally poisoned!
The killer bee poisons you!
You feel very mighty all of a sudden.
* * * LOW HITPOINT WARNING * * *
You feel very sick.
The killer bee stings you but does no damage. x2
You miss the killer bee.
* * * LOW HITPOINT WARNING * * *
You feel very sick. The killer bee completely misses you.
The killer bee stings you but does no damage.
The killer bee closely misses you.
You miss the killer bee.
* * * LOW HITPOINT WARNING * * *
You feel very sick.
The killer bee stings you but does no damage.
The killer bee barely misses you. x2
You miss the killer bee.
You die...

#..... #:....
#..?.. .. #.....
#.##..... ###
#........### ...#
...#...y.yy#.....
#.#######yy......
#.##...@yy#.....(
##.#..###### .....
#....## ...)
##...## ... #
##..†####### .. ##
#........... .
.##.....#.########
..##.####.# #..#
#.#


You could see 5 killer bees.

Vanquished Creatures
  An adder (D:2)
  A worm (D:2)
  2 dart slugs
  An orc (D:2)
  3 ball pythons
  2 endoplasms (D:1)
  A giant cockroach (D:1)
  2 goblins (D:1)
  3 hobgoblins (D:1)
  4 bats
  3 frilled lizards (D:1)
  3 kobolds
  2 rats (D:1)
28 creatures vanquished.

Vanquished Creatures (others)
  8 fungi (D:1)
  7 plants (D:1)
15 creatures vanquished.

Grand Total: 43 creatures vanquished

Notes
Turn   | Place    | Note
-------+----------+-------------------------------------------
     0 | D:1      | sircluck the Hill Orc Fighter began the quest for the Orb.
     0 | D:1      | Reached XP level 1. HP: 19/19 MP: 1/1
   173 | D:1      | Reached XP level 2. HP: 27/27 MP: 2/2
   196 | D:1      | Reached skill level 4 in Fighting
   299 | D:1      | Found a faded altar of an unknown god.
   446 | D:1      | Learned a level 1 spell: Summon Small Mammal
   450 | D:1      | Prayed at the altar of an unknown god.
   450 | D:1      | Became a worshipper of Dithmenos the Shadowed
   450 | D:1      | Reached * piety under Dithmenos
   464 | D:1      | Fell from the grace of Dithmenos
  1068 | D:2      | Reached XP level 3. HP: 32/34 MP: 3/3
  1427 | D:2      | Noticed a killer bee
  1427 | D:2      | Noticed a killer bee
  1427 | D:2      | Noticed a killer bee
  1427 | D:2      | Noticed a killer bee
  1427 | D:2      | Noticed a killer bee
  1427 | D:2      | Noticed a killer bee
  1427 | D:2      | Noticed a killer bee
  1427 | D:2      | Noticed a killer bee
  1434 | D:2      | Succumbed to a killer bee's poison

Illustrated notes

Levels and vault maps discovered:
D:1:      nagdon_arrival_double_spiral, layout_basic,
          shapermc_ecumenical_altar_gd
D:2:      layout_rooms, hangedman_glass_teeth, uniq_crazy_yiuf_cottage,
          uniq_sigmund

Skill      XL: |  1  2 |
---------------+-------+-----
Fighting       | 4 |  4.3
Axes           | |  2.9
Armour         | |  3.8
Dodging        | |  0.3
Shields        | |  3.6

Action                     || total
---------------------------++-------
  Melee: War axe           ||   121
 Invoke: Renounce Religion ||     1
    Use: Potion            ||     1
 Armour: Scale mail        ||    54
  Dodge: Dodged            ||    53
  Block: Buckler           ||    19

Table legend: (Time is in decaauts)
 A = Elapsed time spent in this place.
 B = Non-inter-level travel time spent in this place.
 C = Inter-level travel time spent in this place.
 D = Time resting spent in this place.
 E = Time spent auto-exploring this place.
 F = Levels seen in this place.
 G = Mean time per level.
                   A        B        C        D        E       F      G
               +--------+--------+--------+--------+--------+-----+--------+
         Total |   1481 |   1330 |    151 |    267 |    748 |   2 |  740.5 |
       Dungeon |   1481 |   1330 |    151 |    267 |    748 |   2 |  740.5 |
               +--------+--------+--------+--------+--------+-----+--------+

Top non-repeatable levels by time:
     D:1: 1039 daAuts
     D:2: 441 daAuts
